% Time on Ice - LOS ANGELES SEALS
Lines # - Real PCT - Wanted PCT - Time Play
Normal Forward
1 - 33% - 36% - 14:30
2 - 31% - 34% - 13:42
3 - 30% - 23% - 13:06
4 - 7% - 7% - 2:59
Normal Defense
1 - 33% - 36% - 14:43
2 - 28% - 31% - 12:28
3 - 31% - 23% - 13:51
4 - 7% - 10% - 3:15
PP Forward
1 - 51% - 55% - 6:02
2 - 49% - 45% - 5:43
PP Defense
1 - 51% - 55% - 6:01
2 - 49% - 45% - 5:44
PK Forward
1 - 55% - 55% - 1:05
2 - 45% - 45% - 0:54
PK Defense
1 - 55% - 55% - 1:05
2 - 45% - 45% - 0:54
PK3 Forward
1 - 0% - 55%
2 - 0% - 45%
PK3 Defense
1 - 0% - 55%
2 - 0% - 45%
44 Forward
1 - 75% - 55% - 1:29
2 - 25% - 45% - 0:30
44 Defense
1 - 41% - 55% - 0:49
2 - 59% - 45% - 1:10
Last Minute Offensive  - 0:00
Last Minute Defensive  - 0:00
Total
Forward - 60:00
Defense - 60:00
% Time on Ice - WINNIPEG BEAVERS
Lines # - Real PCT - Wanted PCT - Time Play
Normal Forward
1 - 37% - 35% - 16:36
2 - 31% - 32% - 13:56
3 - 23% - 24% - 10:01
4 - 8% - 9% - 3:44
Normal Defense
1 - 38% - 33% - 16:58
2 - 30% - 31% - 13:26
3 - 27% - 27% - 11:57
4 - 4% - 9% - 1:56
PP Forward
1 - 67% - 52% - 1:20
2 - 33% - 48% - 0:39
PP Defense
1 - 33% - 51% - 0:39
2 - 67% - 49% - 1:20
PK Forward
1 - 58% - 52% - 6:47
2 - 42% - 48% - 4:58
PK Defense
1 - 48% - 50% - 5:39
2 - 52% - 50% - 6:06
PK3 Forward
1 - 0% - 55%
2 - 0% - 45%
PK3 Defense
1 - 0% - 55%
2 - 0% - 45%
44 Forward
1 - 50% - 51% - 1:00
2 - 50% - 49% - 0:59
44 Defense
1 - 27% - 51% - 0:32
2 - 73% - 49% - 1:27
Last Minute Offensive  - 0:00
Last Minute Defensive  - 0:00
Total
Forward - 60:00
Defense - 60:00
Play-by-Play 1st period 0:01 of 1st period - David Krejci wins face-off versus Logan Couture in neutral zone. 0:23 of 1st period - Shot by Gustav Nyquist. 0:23 of 1st period - Shot Misses the Net. 0:31 of 1st period - Shot by Gustav Nyquist. 0:31 of 1st period - Shot Misses the Net. 0:33 of 1st period - Shot by Mike Green. 0:33 of 1st period - Stopped by Jonathan Quick without a rebound. 0:34 of 1st period - Mark Scheifele wins face-off versus Mika Zibanejad in LOS ANGELES SEALS zone. 0:53 of 1st period - Shot by Mika Zibanejad. 0:53 of 1st period - Shot Misses the Net. 0:55 of 1st period - Shot by Mika Zibanejad. 0:55 of 1st period - Shot Misses the Net. 0:57 of 1st period - Shot by Mika Zibanejad. 0:57 of 1st period - Shot Misses the Net. 1:13 of 1st period - Shot by Mika Zibanejad. 1:13 of 1st period - Stopped by Jonathan Quick without a rebound. 1:14 of 1st period - Adam Lowry wins face-off versus Brandon Tanev in LOS ANGELES SEALS zone. 1:58 of 1st period - Icing by Brandon Tanev. 1:59 of 1st period - Logan Couture wins face-off versus Travis Zajac in WINNIPEG BEAVERS zone. 2:04 of 1st period - Shot by Justin Williams. 2:04 of 1st period - Shot Misses the Net. 2:38 of 1st period - Shot by Brad Marchand. 2:38 of 1st period - Stopped by Jonathan Quick without a rebound. 2:39 of 1st period - Mark Scheifele wins face-off versus Matt Cullen in LOS ANGELES SEALS zone. 2:39 of 1st period - Mark Scheifele is hit by Troy Brouwer. 2:47 of 1st period - Shot by Andreas Johnsson. 2:47 of 1st period - Stopped by Sergei Bobrovsky with a rebound. 2:57 of 1st period - Shot by Mark Scheifele. 2:57 of 1st period - Shot Misses the Net. 3:35 of 1st period - Icing by Mathieu Perreault. 3:36 of 1st period - Mika Zibanejad wins face-off versus Adam Lowry in LOS ANGELES SEALS zone. 3:39 of 1st period - Shot by Ilya Kovalchuk. 3:39 of 1st period - Stopped by Jonathan Quick with a rebound. 3:47 of 1st period - Shot by Colin White. 3:47 of 1st period - Shot Misses the Net. 3:49 of 1st period - Shot by Adam Lowry. 3:49 of 1st period - Stopped by Sergei Bobrovsky without a rebound. 3:50 of 1st period - David Krejci wins face-off versus Kevin Rooney in WINNIPEG BEAVERS zone. 4:13 of 1st period - Shot by Kevin Rooney. 4:13 of 1st period - Stopped by Sergei Bobrovsky without a rebound. 4:14 of 1st period - Adam Lowry wins face-off versus Mika Zibanejad in WINNIPEG BEAVERS zone. 4:14 of 1st period - Alex Goligoski is hit by Kris Russell and loses puck. 4:38 of 1st period - Mika Zibanejad is hit by Esa Lindell and loses puck. 5:44 of 1st period - Logan Couture is hit by Nick Seeler and loses puck. 5:54 of 1st period - Icing by Caleb Jones. 5:55 of 1st period - Mark Scheifele wins face-off versus David Krejci in WINNIPEG BEAVERS zone. 5:59 of 1st period - Mark Scheifele is hit by Caleb Jones and loses puck. 6:02 of 1st period - Shot by Mark Scheifele. 6:02 of 1st period - Shot Misses the Net. 6:18 of 1st period - Shot by Brock Boeser. 6:18 of 1st period - Shot Hit the Post. 6:20 of 1st period - Shot by Nick Holden. 6:20 of 1st period - Stopped by Sergei Bobrovsky with a rebound. 7:04 of 1st period - Shot by Travis Zajac. 7:04 of 1st period - Shot Misses the Net. 7:06 of 1st period - Shot by David Backes. 7:06 of 1st period - Shot Misses the Net. 7:15 of 1st period - Brandon Tanev is hit by Alex Goligoski and loses puck. 7:27 of 1st period - Shot by Brandon Tanev. 7:27 of 1st period - Shot Misses the Net. 7:52 of 1st period - Shot by Reyley Smith. 7:52 of 1st period - Stopped by Jonathan Quick without a rebound. 7:53 of 1st period - Logan Couture wins face-off versus Mika Zibanejad in LOS ANGELES SEALS zone. 8:19 of 1st period - Off-side. 8:20 of 1st period - Mark Scheifele wins face-off versus Matt Cullen in neutral zone. 8:27 of 1st period - Shot by Brock Boeser. 8:27 of 1st period - Stopped by Sergei Bobrovsky with a rebound. 9:37 of 1st period - Shot by Logan Couture. 9:37 of 1st period - Stopped by Sergei Bobrovsky with a rebound. 9:53 of 1st period - Shot by Justin Williams. 9:53 of 1st period - Goal by Justin Williams - LOS ANGELES SEALS : 1 - WINNIPEG BEAVERS : 0. 9:54 of 1st period - Adam Lowry wins face-off versus David Krejci in neutral zone. 10:27 of 1st period - Shot by Gustav Nyquist. 10:27 of 1st period - Deflect By David Krejci. 10:27 of 1st period - Stopped by Jonathan Quick without a rebound. 10:28 of 1st period - Mark Scheifele wins face-off versus Travis Zajac in LOS ANGELES SEALS zone. 10:46 of 1st period - Minor Penalty to Mike Green for Roughing. 10:47 of 1st period - Logan Couture wins face-off versus Brandon Tanev in WINNIPEG BEAVERS zone. 10:50 of 1st period - Shot by Justin Williams. 10:50 of 1st period - Stopped by Sergei Bobrovsky without a rebound. 10:51 of 1st period - Travis Zajac wins face-off versus Logan Couture in WINNIPEG BEAVERS zone. 11:14 of 1st period - Shot by Justin Williams. 11:14 of 1st period - Deflect By Logan Couture. 11:14 of 1st period - Stopped by Sergei Bobrovsky with a rebound. 11:16 of 1st period - Shot by Justin Williams. 11:16 of 1st period - Stopped by Sergei Bobrovsky without a rebound. 11:17 of 1st period - Mark Scheifele wins face-off versus Travis Zajac in WINNIPEG BEAVERS zone. 11:18 of 1st period - Shot by Brock Boeser. 11:18 of 1st period - Stopped by Sergei Bobrovsky without a rebound. 11:19 of 1st period - Travis Zajac wins face-off versus Mark Scheifele in WINNIPEG BEAVERS zone. 11:25 of 1st period - Icing by Roman Polak. 11:26 of 1st period - Travis Zajac wins face-off versus Mark Scheifele in LOS ANGELES SEALS zone. 12:11 of 1st period - Shot by Mark Scheifele. 12:11 of 1st period - Stopped by Sergei Bobrovsky with a rebound. 12:32 of 1st period - Off-side. 12:33 of 1st period - Travis Zajac wins face-off versus Logan Couture in neutral zone. 12:33 of 1st period - Brandon Tanev is hit by Justin Williams. 13:17 of 1st period - Shot by Adam Lowry. 13:17 of 1st period - Shot Blocked by Mika Zibanejad. 13:19 of 1st period - Shot by Nick Holden. 13:19 of 1st period - Goal by Nick Holden - LOS ANGELES SEALS : 2 - WINNIPEG BEAVERS : 0. 13:20 of 1st period - David Krejci wins face-off versus Logan Couture in neutral zone. 13:45 of 1st period - Shot by Logan Couture. 13:45 of 1st period - Stopped by Sergei Bobrovsky without a rebound. 13:46 of 1st period - Mark Scheifele wins face-off versus Travis Zajac in WINNIPEG BEAVERS zone. 13:46 of 1st period - Mark Scheifele is hit by Mike Green. 13:53 of 1st period - Brock Boeser is hit by Kris Russell and loses puck. 14:15 of 1st period - Shot by Mark Scheifele. 14:15 of 1st period - Stopped by Sergei Bobrovsky without a rebound. 14:16 of 1st period - David Krejci wins face-off versus Logan Couture in WINNIPEG BEAVERS zone. 14:16 of 1st period - Gustav Nyquist is hit by Justin Williams. 14:17 of 1st period - Icing by Gustav Nyquist. 14:18 of 1st period - Gustav Nyquist wins face-off versus Logan Couture in WINNIPEG BEAVERS zone. 14:18 of 1st period - Gustav Nyquist is hit by Esa Lindell. 14:36 of 1st period - Shot by Justin Williams. 14:36 of 1st period - Stopped by Sergei Bobrovsky without a rebound. 14:37 of 1st period - Mark Scheifele wins face-off versus David Backes in WINNIPEG BEAVERS zone. 14:59 of 1st period - Andreas Johnsson is hit by Nick Seeler and loses puck. 15:08 of 1st period - Shot by Andreas Johnsson. 15:08 of 1st period - Stopped by Sergei Bobrovsky with a rebound. 15:13 of 1st period - Mark Scheifele is hit by Nick Seeler. 15:44 of 1st period - Off-side. 15:45 of 1st period - David Krejci wins face-off versus Adam Lowry in neutral zone. 16:14 of 1st period - Shot by Brad Marchand. 16:14 of 1st period - Stopped by Jonathan Quick with a rebound. 16:16 of 1st period - Shot by David Krejci. 16:16 of 1st period - Shot Misses the Net. 16:18 of 1st period - Shot by Brad Marchand. 16:18 of 1st period - Stopped by Jonathan Quick with a rebound. 16:20 of 1st period - Shot by Brad Marchand. 16:20 of 1st period - Shot Misses the Net. 16:44 of 1st period - Shot by Mika Zibanejad. 16:44 of 1st period - Shot Misses the Net. 17:01 of 1st period - Shot by Mika Zibanejad. 17:01 of 1st period - Stopped by Jonathan Quick without a rebound. 17:02 of 1st period - Logan Couture wins face-off versus Matt Cullen in LOS ANGELES SEALS zone. 17:34 of 1st period - Shot by Justin Williams. 17:34 of 1st period - Deflect By Logan Couture. 17:34 of 1st period - Stopped by Sergei Bobrovsky without a rebound. 17:35 of 1st period - Mark Scheifele wins face-off versus Mika Zibanejad in WINNIPEG BEAVERS zone. 17:49 of 1st period - Icing by Mika Zibanejad. 17:50 of 1st period - Kevin Rooney wins face-off versus Mika Zibanejad in WINNIPEG BEAVERS zone. 18:21 of 1st period - Shot by Erik Haula. 18:21 of 1st period - Shot Blocked by Kris Russell. 18:23 of 1st period - Shot by Logan Couture. 18:23 of 1st period - Shot Misses the Net. 18:41 of 1st period - Shot by Brock Boeser. 18:41 of 1st period - Shot Blocked by Mike Green. 18:43 of 1st period - Shot by Andreas Johnsson. 18:43 of 1st period - Goal by Andreas Johnsson - LOS ANGELES SEALS : 3 - WINNIPEG BEAVERS : 0. 18:44 of 1st period - Mark Scheifele wins face-off versus David Krejci in neutral zone. 18:51 of 1st period - Shot by Andreas Johnsson. 18:51 of 1st period - Shot Misses the Net. 18:53 of 1st period - Shot by Brandon Carlo. 18:53 of 1st period - Stopped by Sergei Bobrovsky without a rebound. 18:54 of 1st period - Mark Scheifele wins face-off versus David Krejci in WINNIPEG BEAVERS zone. 18:54 of 1st period - Brock Boeser is hit by Nick Seeler and loses puck. 18:57 of 1st period - Shot by Mark Scheifele. 18:57 of 1st period - Stopped by Sergei Bobrovsky without a rebound. 18:58 of 1st period - Mark Scheifele wins face-off versus David Krejci in WINNIPEG BEAVERS zone. 19:00 of 1st period - Brock Boeser is hit b